 Dungeon Crawl Stone Soup version 0.25-a0-577-ga4619f409e (webtiles) character file.

Game seed: 2637764959462702160, levelgen mode: deterministic

1796 Flugslaktarn the Cleaver (level 8, -12/73 HPs)
             Began as a Minotaur Fighter on Mar 3, 2020.
             Was a Follower of Makhleb.
             Mangled by Grum
             ... wielding a -1 halberd
              (17 damage)
             ... on level 7 of the Dungeon.
             The game lasted 00:02:18 (5194 turns).

Flugslaktarn the Cleaver (Minotaur Fighter)         Turns: 5194, Time: 00:02:18

Health: -12/73     AC:  7    Str: 22    XL:     8   Next: 83%
Magic:  9/9        EV:  9    Int:  5    God:    Makhleb [*.....]
Gold:   40         SH:  0    Dex: 15    Spells: 7/7 levels left

rFire    . . .     SeeInvis .   D - +3 battleaxe of the Desolation of Salt {drain, MR+ Dex+4}
rCold    . . .     Gourm    .   (shield currently unavailable)
rNeg     . . .     Faith    .   b - +0 scale mail
rPois    .         Spirit   .   (helmet restricted)
rElec    .         Reflect  .   (no cloak)
rCorr    .         Harm     .   (no gloves)
MR       +....                  (no boots)
Stlth    ..........             (no amulet)
HPRegen  0.22/turn              (no ring)
MPRegen  0.11/turn              (no ring)

@: marked, stab, lightly drained
A: retaliatory headbutt, horns 2
a: Renounce Religion


You were on level 7 of the Dungeon.
You worshipped Makhleb.
Makhleb was aware of your devotion.
You were not hungry.

You visited 2 branches of the dungeon, and saw 8 of its levels.

You collected 270 gold pieces.
You spent 230 gold pieces at shops.

Inventory:

Hand Weapons
 a - a +0 war axe
 A - a +2 hand axe of electrocution
   (You took it off an orc on level 6 of the Dungeon)
 D - the +3 battleaxe of the Desolation of Salt (weapon) {drain, MR+ Dex+4}
   (You bought it in a shop on level 6 of the Dungeon)

   A truly terrible weapon, it drains the life of those it strikes.
   It affects your dexterity (+4).
   It affects your resistance to hostile enchantments.
Armour
 b - a +0 scale mail (worn)
 c - a +0 kite shield
Jewellery
 n - an uncursed ring of flight {unknown}
   (You found it on level 2 of the Dungeon)
 o - an uncursed ring of protection from magic {unknown}
   (You found it on level 2 of the Dungeon)
 z - an uncursed ring of protection from fire {unknown}
   (You found it on level 7 of the Dungeon)
Wands
 t - a wand of acid (8)
   (You found it on level 4 of the Dungeon)
 w - a wand of iceblast (7)
   (You took it off a gnoll on level 7 of the Dungeon)
Scrolls
 h - 5 scrolls of identify {unknown}
 j - 2 scrolls of remove curse {unknown}
 l - a scroll of noise {unknown}
 m - 2 scrolls of amnesia {unknown}
 r - a scroll of enchant armour {unknown}
 s - a scroll of teleportation {unknown}
 u - 2 scrolls of blinking {unknown}
 v - 2 scrolls of random uselessness {unknown}
 y - a scroll of enchant weapon {unknown}
 C - a scroll of fog {unknown}
Potions
 d - a potion of might
 f - a potion of mutation {unknown}
 g - a potion of brilliance {unknown}
 i - a potion of flight {unknown}
 k - 5 potions of curing {unknown}
 p - 4 potions of stabbing
 q - a potion of magic {unknown}
 x - a potion of resistance {unknown}
 B - a potion of lignification {unknown}
Comestibles
 e - 4 rations


   Skills:
 + Level 7.0(6.9) Fighting
 * Level 8.8(8.7) Axes
 + Level 6.9(6.8) Armour
 - Level 6.2(6.1) Shields
 + Level 3.2(3.1) Invocations


You had 7 spell levels left.
You didn't know any spells.
Your spell library was empty.

Dungeon Overview and Level Annotations

Branches:
Dungeon (7/15)             Temple (1/1) D:6

Altars:
Ashenzari
Cheibriados
Dithmenos
Elyvilon
Fedhas
Gozag
Kikubaaqudgha
Makhleb
Okawaru
Qazlal
Ru
Trog
Yredelemnul
Zin
The Shining One

Shops:
D:4 }   D:6 (

Annotations:
D:7 2 transporters, Flugslaktarn's ghost, amateur MiFi; Grum


Innate Abilities, Weirdness & Mutations

You reflexively headbutt those who attack you in melee.
You have a pair of horns on your head.


Message History

Grum hits you from afar with a -1 halberd!!
* * * LOW HITPOINT WARNING * * *
A gnoll comes into view.
You are too injured to fight recklessly!
You are too injured to fight recklessly!
You are too injured to fight recklessly!
You are too injured to fight recklessly!
You are too injured to fight recklessly!
You are too injured to fight recklessly!
You are too injured to fight recklessly!
You are too injured to fight recklessly!
You are too injured to fight recklessly!
You are too injured to fight recklessly!
You are too injured to fight recklessly!
It was a potion of stabbing.
You feel ready to backstab.
A jackal comes into view.
The gnoll closely misses you.
Grum hits you from afar with a -1 halberd!
You die...

...........#..............
......###.h...............
.......###g..............
.......................##.
##.#........h.......g.#...
.#...###..................
......##..................
.....#...##......†.g....#
>....#..#.#....)@#.#.##.#
.............##g##.# #
.###..........gg.### ##
#.#..............
##.#..........###.
#............## .
#...........##
#...........#
##.##...##..#


You could see Grum, a hound, 5 gnolls and a jackal.

Vanquished Creatures
  Duvessa (D:4)
  2 phantoms
  2 sky beasts (D:6)
  An ice beast (D:6)
  3 bullfrogs (D:6)
  Dowan (D:4)
  4 wights (D:7)
  11 hounds
  An orc wizard (D:5)
  2 centaur skeletons (D:4)
  2 orc priests (D:3)
  A jelly (D:6)
  A bullfrog skeleton (D:4)
  3 iguanas
  3 worker ants
  4 gnolls (D:7)
  A howler monkey skeleton (D:4)
  4 adders
  An adder skeleton (D:4)
  2 adder zombies
  A dart slug (D:1)
  7 leopard geckos
  9 orcs
  A ball python (D:2)
  2 giant cockroaches
  4 goblins
  2 hobgoblins
  2 jackals (D:7)
  A quokka (D:6)
  A ball python zombie (D:5)
  A bat (D:1)
  3 frilled lizards
  A jackal skeleton (D:4)
  A kobold (D:3)
  2 leopard gecko skeletons
  A leopard gecko zombie (D:5)
  5 rats
94 creatures vanquished.

Vanquished Creatures (others)
  A gnoll (D:7)
1 creature vanquished.

Grand Total: 95 creatures vanquished

Notes
Turn   | Place    | Note
-------+----------+-------------------------------------------
     0 | D:1      | Flugslaktarn the Minotaur Fighter began the quest for the
                  | Orb.
     0 | D:1      | Reached XP level 1. HP: 19/19 MP: 0/0
   259 | D:1      | Reached XP level 2. HP: 25/27 MP: 1/1
   300 | D:2      | Reached skill level 3 in Axes
   469 | D:3      | Reached XP level 3. HP: 25/33 MP: 2/2
   474 | D:3      | Reached skill level 4 in Axes
   474 | D:3      | Reached XP level 4. HP: 12/40 MP: 3/3
   942 | D:4      | Reached XP level 5. HP: 36/47 MP: 4/4
  1047 | D:4      | Found a glowing golden altar of the Shining One.
  1317 | D:4      | Reached skill level 5 in Axes
  1433 | D:4      | Reached XP level 6. HP: 25/55 MP: 5/5
  1712 | D:4      | Noticed Dowan
  1713 | D:4      | Noticed Duvessa
  1718 | D:4      | Killed Duvessa
  1718 | D:4      | Reached skill level 5 in Fighting
  1718 | D:4      | Reached skill level 5 in Armour
  1718 | D:4      | Reached skill level 5 in Shields
  1727 | D:4      | Killed Dowan
  2077 | D:4      | Found Zuxtuxuziv's Gadget Boutique.
  2166 | D:5      | Entered Level 5 of the Dungeon
  2272 | D:5      | Reached skill level 6 in Axes
  2415 | D:5      | Reached XP level 7. HP: 55/61 MP: 6/6
  2506 | D:5      | Found a basalt altar of Yredelemnul.
  2649 | D:5      | Found a stormy altar of Qazlal.
  3215 | D:6      | Found a staircase to the Ecumenical Temple.
  3230 | Temple   | Entered the Ecumenical Temple
  3385 | Temple   | Became a worshipper of Makhleb the Destroyer
  3508 | D:6      | Identified the Disquisition on the Creative Mountains
  3690 | D:6      | Found a shattered altar of Ashenzari.
  3691 | D:6      | Reached skill level 1 in Invocations
  3803 | D:6      | Reached skill level 7 in Axes
  3835 | D:6      | Reached XP level 8. HP: 57/70 MP: 8/8
  4095 | D:6      | Found a shadowy altar of Dithmenos.
  4215 | D:6      | Found Daoruboi's Antique Weapon Emporium.
  4459 | D:7      | Noticed a troll
  4459 | D:7      | Noticed Flugslaktarn's ghost (amateur MiFi)
  4460 | D:7      | Noticed a moth of wrath
  4465 | D:7      | Found a transporter.
  4467 | D:7      | Found a transporter.
  4468 | D:7      | Found a bloodstained altar of Trog.
  4468 | D:7      | Identified the +11 whip "Sepes" {protect, rF- rN+ SInv}
  4609 | D:7      | Found an opulent altar of Gozag.
  4691 | D:6      | Bought a warped battleaxe for 230 gold pieces
  4696 | D:6      | Identified the +3 battleaxe of the Desolation of Salt
                  | {drain, MR+ Dex+4} (You bought it in a shop on level 6 of
                  | the Dungeon)
  4714 | D:7      | Reached skill level 8 in Axes
  5181 | D:7      | Reached * piety under Makhleb
  5181 | D:7      | Noticed Grum
  5194 | D:7      | Mangled by Grum

Levels and vault maps discovered:
D:1:      co_arrival_square_in_a_square_in_a_square, layout_basic,
          lemuel_flame_loot_1
D:2:      layout_rooms, dancing_weapons_uskayaw
D:3:      layout_basic, xom_redecorated, minmay_puff
D:4:      layout_gridville, nicolae_overflow_hidden_temple,
          kennysheep_windowed_goal, uniq_duvessa
D:5:      layout_loops_corners, lemuel_crystal_altar, lemuel_round_altar,
          first_ration
D:6:      layout_cave_pods, old_standard_altar, kennysheep_little_box,
          minmay_temple_entry_wispy, serial_shops, shop, grunt_ministairs_6
D:7:      layout_cave_pools, nicolae_gozag_seed_capital, serial_gnoll_camp,
          gnoll_camp_medium_01, gnoll_camp_huts_moat, grums_kennel,
          gnoll_camp_mini_doghouse, gammafunk_ghost_wrathful_warriors
Temple:   nicolae_temple_figure_eight

Skill      XL: |  1  2  3  4  5  6  7  8 |
---------------+-------------------------+-----
Axes           | 3 4 5 6 7 8 |  8.8
Armour         | 4 5 6 |  6.9
Fighting       | 4 5 6 7 |  7.0
Shields        | 4 5 6 |  6.2
Invocations    | 1 3 |  3.2

Action                   |  1- 3 |  4- 6 |  7- 9 || total
-------------------------+-------+-------+-------++-------
Melee: War axe           |    38 |    96 |     3 ||   137
       Headbutt          |     6 |    16 |    22 ||    44
       Hand axe          |       |       |    82 ||    82
       Battleaxe         |       |       |    43 ||    43
  Use: Potion            |       |       |     1 ||     1
  Eat: Chunk             |       |     5 |     3 ||     8
       Ration            |       |       |     2 ||     2
Armor: Scale mail        |    24 |    34 |    50 ||   108
Dodge: Dodged            |    20 |    33 |    53 ||   106
Block: Kite shield       |    18 |    41 |    38 ||    97

Table legend:
 A = Non-vault XP
 B = Vault XP
 C = Vault XP percentage of total XP
 D = Non-vault monster count
 E = Vault monster count
 F = Vault count percentage of total count
                 A         B        C        D         E       F
            +---------+---------+-------+---------+---------+-------
      Total |    1977 |     590 |  23.0 |      78 |      17 |  17.9
            +---------+---------+-------+---------+---------+-------
        D:1 |      13 |       0 |   0.0 |       7 |       0 |   0.0
        D:2 |      19 |       0 |   0.0 |       4 |       0 |   0.0
        D:3 |     105 |       0 |   0.0 |      14 |       0 |   0.0
        D:4 |     264 |     217 |  45.1 |      14 |       4 |  22.2
        D:5 |     141 |       0 |   0.0 |      10 |       0 |   0.0
        D:6 |    1002 |       3 |   0.3 |      19 |       1 |   5.0
        D:7 |     433 |     370 |  46.1 |      10 |      12 |  54.5
            +---------+---------+-------+---------+---------+-------
